 Dungeon Crawl Stone Soup version 0.29-a0-25-g7f48f510a0 (webtiles) character file.

Game seed: 18208106955699411067

83 MacCMillion the Skirmisher (level 4, 29/29 HPs)
             Began as a Gargoyle Fighter on Jan 31, 2022.
             Was a Follower of Yredelemnul.
             Quit the game on level 2 of the Dungeon.
             The game lasted 00:03:02 (2903 turns).

MacCMillion the Skirmisher (Gargoyle Fighter)       Turns: 2903, Time: 00:03:02

Health: 29/29      AC: 10    Str: 21    XL:     4   Next: 44%
Magic:  4/4        EV:  9    Int:  9    God:    Yredelemnul [*.....]
Gold:   62         SH:  4    Dex:  9    Spells: 3/3 levels left

rFire   + . .      SeeInvis .   a - +0 flail
rCold   . . .      Faith    .   c - +0 buckler
rNeg    + . .      Spirit   .   b - +0 scale mail
rPois   ∞          Reflect  .   (no helmet)
rElec   +          Harm     .   l - scarf {+Inv}
rCorr   .          Rampage  .   (no gloves)
Will    .....                   (no boots)
Stlth   ..........              (no amulet)
HPRegen 0.09/turn               n - ring of protection from fire
MPRegen 0.09/turn               (no ring)

@: no status effects
A: sickness immunity, AC +3, negative energy resistance 1, electricity
resistance, torment resistance 1, petrification resistance
a: Renounce Religion, Evoke Invisibility, Recall Undead Harvest


You were on level 2 of the Dungeon.
You worshipped Yredelemnul.
Yredelemnul was noncommittal.
You visited 1 branch of the dungeon, and saw 2 of its levels.

You collected 62 gold pieces.

Inventory:

Hand Weapons
 a - a +0 flail (weapon)
Missiles
 i - a throwing net (quivered)
Armour
 b - a +0 scale mail (worn)
 c - a +0 buckler (worn)
 l - a scarf of invisibility (worn)
Jewellery
 n - a ring of protection from fire (left hand)
Scrolls
 e - a scroll of noise {unknown}
 h - a scroll of teleportation {unknown}
 j - 3 scrolls of identify {unknown}
 m - a scroll of fog {unknown}
 o - a scroll of amnesia {unknown}
Potions
 d - a potion of might
 f - a potion of degeneration {unknown}
 g - a potion of mutation {unknown}
 k - a potion of ambrosia {unknown}


   Skills:
 + Level 3.9 Fighting
 * Level 3.2 Maces & Flails
 + Level 3.8 Armour
 + Level 3.8 Shields


You had 3 spell levels left.
You didn't know any spells.
Your spell library was empty.

Dungeon Overview and Level Annotations

Branches:
Dungeon (2/15)

Altars:
Yredelemnul


Innate Abilities, Weirdness & Mutations

You are immune to sickness and miasma.
Your stone body is resilient. (AC +3)
You are immune to poison.
You resist negative energy. (rN+)
You are resistant to electric shocks. (rElec)
You are resistant to unholy torment.
You are immune to petrification.


Message History

You hit the kobold but do no damage.
The kobold is severely wounded.
The kobold barely misses you. The kobold hits you but does no damage.
You closely miss the kobold.
The kobold is heavily wounded.
The kobold hits you but does no damage.
You hit the kobold but do no damage.
The kobold is heavily wounded.
The kobold hits you with a +0 short sword.
You hit the kobold but do no damage.
The kobold is moderately wounded.
The kobold hits you but does no damage. The kobold closely misses you.
You barely miss the kobold.
The kobold is moderately wounded.
The kobold hits you but does no damage.
You thump the kobold!
You kill the kobold!
No target in view!
No target in view!
Things that are here:
a +0 short sword; a kobold skeleton
There is an open door here.
You open the door.
There is an open door here.
There is a faded altar of an unknown god here.
You cannot tell which god this altar belongs to.
Convert to them anyway?
Okay, then.
You cannot tell which god this altar belongs to.
Convert to them anyway?
Yredelemnul accepts your prayer! Yredelemnul welcomes you!
You can now reap souls.
You can now recall your undead harvest.
There is an open door here.
There is an open door here.
Things that are here:
a +0 short sword; a kobold skeleton
Things that are here:
a +0 short sword; a kobold corpse You see here a hobgoblin corpse.
Found a scroll labelled IRESTR RYSECSO.
Are you sure you want to abandon this character and quit the game? (Confirm with "yes".)

.........#
#.#
..###...##
#.# .##
##.## #.#
## #.# #Z#
# #.# #.##
#+# #..#
##Z# ##Z#
#@.#
#....# .+
..?.#..#
##
###.....#
# ##.##.#
# ### .#
.#


You could see a friendly adder zombie and a friendly hound zombie.

Vanquished Creatures
  A gnoll (D:1)
  3 adders
  5 endoplasms
  3 giant cockroaches
  8 goblins
  2 hobgoblins (D:2)
  7 kobolds
  A quokka (D:2)
  4 ball pythons
  2 bats (D:1)
  3 frilled lizards (D:1)
  5 rats
44 creatures vanquished.

Notes
Turn   | Place    | Note
-------+----------+-------------------------------------------
     0 | D:1      | MacCMillion the Gargoyle Fighter began the quest for the
                  | Orb.
     0 | D:1      | Reached XP level 1. HP: 14/14 MP: 1/1
   364 | D:1      | Reached XP level 2. HP: 19/19 MP: 2/2
   721 | D:1      | Reached XP level 3. HP: 23/23 MP: 3/3
  2229 | D:2      | Reached XP level 4. HP: 25/29 MP: 4/4
  2686 | D:2      | Found a faded altar of an unknown god.
  2842 | D:2      | Prayed at the altar of an unknown god.
  2842 | D:2      | Became a worshipper of Yredelemnul the Dark
  2842 | D:2      | Reached * piety under Yredelemnul
  2903 | D:2      | Quit the game

Illustrated notes

Levels and vault maps discovered:
D:1:      dpeg_arrival_signposts, layout_loops_corners, fountainhead
D:2:      layout_loops_corners, hellmonk_ecumenical_altar_prayer_group

Skill      XL: |  1  2  3 |
---------------+----------+-----
Maces & Flails | 3 |  3.2
Fighting       | |  3.9
Armour         | |  3.8
Shields        | |  3.8

Action                   |  1- 3 |  4- 6 || total
-------------------------+-------+-------++-------
Melee: Flail             |   100 |    51 ||   151
Armor: Scale mail        |    58 |    29 ||    87
Dodge: Dodged            |    41 |    16 ||    57
Block: Buckler           |    26 |     6 ||    32

Table legend: (Time is in decaauts)
 A = Elapsed time spent in this place.
 B = Non-inter-level travel time spent in this place.
 C = Inter-level travel time spent in this place.
 D = Time resting spent in this place.
 E = Time spent auto-exploring this place.
 F = Levels seen in this place.
 G = Mean time per level.
                   A        B        C        D        E       F      G
               +--------+--------+--------+--------+--------+-----+--------+
         Total |   2951 |   2849 |    102 |    447 |   2016 |   2 | 1475.5 |
       Dungeon |   2951 |   2849 |    102 |    447 |   2016 |   2 | 1475.5 |
               +--------+--------+--------+--------+--------+-----+--------+

Top non-repeatable levels by time:
     D:1: 2084 daAuts
     D:2: 867 daAuts
